 BcadrenCrawl: Boulder Brew version 0.05.32 (webtiles) character file.

Game seed: 2578102208983781212, levelgen mode: deterministic

4951 BR41ND34D the Thaumaturge (level 10, -4/56 HPs) Silent Spectre Wizard. Began on Oct 4, 2021. Was a Priest of Sif Muna. Slain by a manticore (10 damage) ... on level 5 of the Dungeon. The game lasted 01:28:48 (8189 turns).

BR41ND34D the Thaumaturge (Silent Spectre Wizard)   Turns: 8189, Time: 01:28:49

Health: -4/56      AC:  8    Str:  4    XL:     10 ^: 3898
Magic:  15/26      EV: 20    Int: 22    God:    Sif Muna [3* [80]]
Gold:   352        SH:  4    Dex: 17    Spells: 19/27 levels left

rFire    . . .     Vision   .   i - +0 short sword
rCold    . . .     Gourm    .   e - +2 buckler {AC+3}
rNeg     + + +     Faith    .   k - +2 robe {soft}
rCorr    . . .     Spirit   .   b - +0 hat
rPois    ∞         Reflect  .   (no cloak)
rElec    .         Harm     .   (no gloves)
MR       +....                  f - +0 pair of boots
Stlth    +++.......             (no amulet)
HPRegen  0.28/turn              (no ring)
MPRegen  0.36/turn              (no ring)

@: very slightly contaminated, silenced
A: silence aura 2, negative energy resistance 3, torment resistance,
unbreathing, petrification resistance, silent casting, insubstantial
a: Divine Energy, Channel Magic, Renounce Religion


You were on level 5 of the Dungeon.
You worshipped Sif Muna.
Sif Muna was most pleased with you.
You were not hungry.

You visited 2 branches of the dungeon, and saw 6 of its levels.

You collected 352 gold pieces.

Inventory:

Weapons
 i - a +0 short sword (weapon)
 p - a +0 spear of piercing Shields
 e - a +2 buckler of protection (shield)
Armour
 b - a +0 hat (worn)
 c - a +2 ring mail of cold resistance
 f - a +0 pair of boots (worn)
 k - a +2 robe of softness (worn)
Magical Staves
 d - a -1 staff of fire
Wands
 a - a wand of acid (2)
 l - a wand of disintegration (9)
 o - a wand of random effects (1)
 q - a wand of hasting (2)
Potions
 g - 4 potions of might
 h - a potion of mutation
 j - a potion of lignification
 m - 2 potions of gain strength
 n - 4 potions of degeneration


   Skills:
 + Level 3.6 Fighting
 + Level 2.5 Armour
 + Level 7.4 Dodging
 - Level 5.0 Stealth
 - Level 4.0 Shields
 * Level 9.1 Spellcasting
 + Level 5.5 Summonings
 - Level 2.0 Translocations
 - Level 1.0 Fire Magic
 - Level 5.0 Air Magic
 - Level 2.0 Poison Magic


You had 19 spell levels left.
You knew the following spells:

 Your Spells              Type           Power        Failure   Level  Hunger
a - Flame Tongue          Fire           14 (30)      6%          1    N/A
b - Call Imp              Summ           34 (100)     1%          2    N/A
c - Mephitic Cloud        Pois/Air       25 (100)     7%          3    N/A
d - Blink                 Tloc           N/A          6%          2    N/A

Your spell library contained the following spells:

 Spells                   Type           Power        Failure   Level  Hunger
 Slow                     Hex            10 (100)     10%         1    N/A
 Conjure Flame            Fire           14 (100)     17%         3    N/A

Dungeon Overview and Level Annotations

Branches:
Dungeon (5/8)              Temple (1/1) D:4
   Lair: D:5

Altars:
Ashenzari
Dithmenos
Fedhas Madash
Gozag Ym Sagoz
Hepliaklqana
Kikubaaqudgha
Nemelex Xobeh
Okawaru
Qazlal
Ru
Sif Muna
Vehumet
Wu Jian
Xom
The Shining One

Shops:
D:2 :   D:3 %


Innate Abilities, Weirdness & Mutations

You are immune to poison.
You are surrounded by an aura of unnatural quiet.
You are immune to negative energy. (rN+++)
You are immune to unholy pain and torment.
You can survive without breathing.
You are immune to petrification.
You can communicate with gods and cast spells while silenced.
Your insubstantial form boosts your evasion and grants immunity to sticky flames, nets and constriction.


Message History

Aim: a manticore (silenced, moderately wounded (32/50))
You miscast Mephitic Cloud.
Sif Muna protects you from the effects of your miscast!
The manticore closely misses you (0).
The manticore claws you but does no damage.
The manticore claws you (5).
* * * LOW HITPOINT WARNING * * *
The manticore closely misses you (0).
Unknown command.
You block the manticore's attack. The manticore claws you (2).
* * * LOW HITPOINT WARNING * * *
The manticore completely misses you (0).
The manticore barely misses you (0).
The manticore closely misses you (0). x2
The manticore claws you but does no damage.
The manticore tail-slaps you but does no damage.
You block the manticore's attack. The manticore misses you (0).
You block the manticore's attack. The manticore barely misses you (0).
The manticore barely misses you (0). The manticore claws you (10)!
You die...

#. ##..## §§§≈≈≈...#
#.## ##..... .≈≈≈§≈...#
#..###...... .§.......##
#...........
..........###.........?.
........................
.W......................
...................<....
.......@H.........<.<...
....[................)..
.........).........###..
.......o..........## #.
..........###....## .
.........## ##...#
.≈≈≈≈≈...# #...#
.≈≈≈§≈...# #....
§§§§§.... ..


You could see a manticore, a phantom and an orc warrior.

Vanquished Creatures
  A two-headed ogre (D:4)
  A yak (D:4)
  4 war dogs
  2 phantoms (D:4)
  An orc warrior (D:4)
  A scorpion (D:3)
  3 porcupines
  An ice beast (D:4)
  A black bear (D:3)
  A sky beast (D:4)
  4 ogres (D:4)
  Blork the orc (D:2)
  3 big kobolds (D:2)
  3 bullfrogs
  2 centaurs (D:4)
  A howler monkey (D:4)
  6 wights (D:4)
  8 killer bees
  A crimson imp (D:3)
  2 hounds (D:3)
  11 jellies
  3 orc wizards
  An iguana (D:3)
  4 worker ants (D:4)
  2 wyvern skeletons
  7 giant cockroaches
  2 bullfrog zombies (D:4)
  3 bullfrog skeletons
  5 gnolls
  2 shadow imps (D:4)
  9 adders
  10 sewer rats (D:2)
  A worm (D:2)
  A cinder newt (D:2)
  An ooze (D:1)
  A hound skeleton (D:5)
  3 dart slugs (D:1)
  A cinder newt zombie (D:2)
  5 leopard geckos
  12 orcs
  An adder skeleton (D:3)
  10 bats
  5 goblins
  7 hobgoblins
  2 quokkas
  A ball python (D:2)
  A ball python skeleton (D:2)
  A jackal zombie (D:2)
  11 kobolds
  A leopard gecko zombie (D:2)
  5 rats
  A rat skeleton (D:2)
  2 plants (D:1)
  49 withered plants (D:2)
228 creatures vanquished.

Vanquished Creatures (collateral kills)
  A phantom (D:3)
  A porcupine (D:4)
  An ogre (D:3)
  A big kobold (D:4)
  A wight (D:4)
  A quasit (D:4)
  A crimson imp (D:4)
  A bullfrog skeleton (D:4)
  8 sewer rats (D:2)
  2 cinder newts
  2 hobgoblins
  A ball python skeleton (D:2)
  6 kobolds
  A withered plant (D:2)
28 creatures vanquished.

Vanquished Creatures (others)
  2 plants (D:2)
  2 slimeheads (D:2)
  86 withered plants (D:2)
90 creatures vanquished.

Grand Total: 346 creatures vanquished

Notes
Turn   | Place    | Note
-------+----------+-------------------------------------------
     0 | D:1      | BR41ND34D the Silent Spectre Wizard began the quest for the
                  | Orb.
     0 | D:1      | Reached XP level 1. HP: 10/10 MP: 7/7
    25 | D:1      | Reached XP level 2. HP: 15/15 MP: 3/9
    57 | D:1      | Learned a level 2 spell: Call Imp
   166 | D:1      | Identified a scroll of acquirement
   202 | D:1      | Reached skill level 1 in Fire Magic
   224 | D:1      | Reached XP level 3. HP: 13/19 MP: 6/11
   842 | D:2      | Noticed a bullfrog
   845 | D:2      | Killed a bullfrog
   845 | D:2      | Reached skill level 1 in Shields
   845 | D:2      | Reached skill level 4 in Spellcasting
   845 | D:2      | Reached XP level 4. HP: 19/24 MP: 10/13
   890 | D:2      | Reached XP level 5. HP: 23/28 MP: 6/14
   945 | D:2      | Learned a level 3 spell: Mephitic Cloud
   959 | D:2      | Noticed Blork the orc
   982 | D:2      | Killed Blork the orc
   982 | D:2      | Reached skill level 1 in Air Magic
  1010 | D:2      | Reached skill level 1 in Poison Magic
  1010 | D:2      | Reached XP level 6. HP: 20/32 MP: 5/15
  1197 | D:2      | Found a glowing golden altar of the Shining One.
  1265 | D:2      | Reached XP level 7. HP: 34/36 MP: 6/17
  1349 | D:2      | Reached skill level 5 in Spellcasting
  2522 | D:2      | Found a shimmering blue altar of Sif Muna.
  2604 | D:2      | Found Idghomyo's Book Shoppe.
  3139 | D:2      | Learned a level 2 spell: Blink
  3480 | D:2      | Found a stormy altar of Qazlal.
  3491 | D:2      | Became a worshipper of Sif Muna the Loreminder
  3632 | D:3      | Reached XP level 8. HP: 34/41 MP: 5/19
  3795 | D:3      | Reached skill level 5 in Stealth
  4036 | D:3      | Reached skill level 6 in Spellcasting
  4085 | D:3      | Found Henluick's Food Shoppe.
  4096 | D:3      | Reached * piety under Sif Muna
  4106 | D:3      | Reached skill level 5 in Dodging
  4244 | D:3      | Reached skill level 1 in Fighting
  4731 | D:4      | Found a staircase to the Ecumenical Temple.
  4772 | D:4      | Reached XP level 9. HP: 25/48 MP: 19/22
  4959 | D:4      | Reached skill level 7 in Spellcasting
  5100 | D:4      | Reached skill level 5 in Air Magic
  5131 | Temple   | Entered the Ecumenical Temple
  5522 | D:4      | Reached ** piety under Sif Muna
  6083 | D:4      | Reached skill level 8 in Spellcasting
  6115 | D:4      | Noticed Grum
  6506 | D:4      | Noticed Grum
  6506 | D:4      | Grum changed into Grum the porcupine
  6517 | D:4      | Killed Grum the porcupine
  6549 | D:3      | Reached skill level 1 in Armour
  6667 | D:3      | Reached skill level 5 in Summonings
  7192 | D:5      | Entered Level 5 of the Dungeon
  7192 | D:5      | Noticed a two-headed ogre
  7206 | D:4      | Reached XP level 10. HP: 29/56 MP: 15/25
  7631 | D:4      | Killed a two-headed ogre
  7631 | D:4      | Reached *** piety under Sif Muna
  7853 | D:4      | Reached skill level 9 in Spellcasting
  8169 | D:5      | Noticed a manticore
  8189 | D:5      | Slain by a manticore

Levels and vault maps discovered:
D:1:      dpeg_arrival_chambers_temple_mockup, layout_rooms, serial_bayou_lake_a
D:2:      layout_sewer, tso_oasis_becter, nicolae_overflow_hidden_temple,
          serial_undead, serial_undead_e, serial_undead_f, serial_undead_d,
          serial_undead_f, serial_shops, shop, minmay_goblin_outpost,
          uniq_blork_the_orc
D:3:      layout_basic, first_ration, serial_shops, shop, eino_jars
D:4:      layout_loops_corners, minmay_temple_entry_mini_moons, uniq_grum
D:5:      layout_big_octagon, slow_altar_1,
          bcadren_lemuel_inverted_doored_altar, serial_gnoll_camp,
          gnoll_camp_mini_shop, gnoll_camp_mini_shop, gnoll_camp_mini_loothouse,
          gnoll_camp_mini_shop, gnoll_camp_medium_01, gnoll_camp_mini_hut,
          david_nohive_1, uniq_maurice, uniq_nergalle, uniq_crazy_yiuf_cottage
Temple:   hc_temple_tempest_star

Skill      XL: |  1  2  3  4  5  6  7  8  9 10 |
---------------+-------------------------------+-----
Fire Magic     | 1 |  1.0
Stealth        | 3 4 5 |  5.0
Summonings     | 2 3 4 5 |  5.5
Dodging        | 3 4 5 7 |  7.4
Shields        | 1 2 3 4 |  4.0
Spellcasting   | 4 5 6 8 9 |  9.1
Air Magic      | 1 2 3 4 5 |  5.0
Poison Magic   | 1 2 |  2.0
Translocations | 2 |  2.0
Fighting       | 1 3 |  3.6
Armour         | 1 2 |  2.5

Action                   |  1- 3 |  4- 6 |  7- 9 | 10-12 || total
-------------------------+-------+-------+-------+-------++-------
Melee: Unarmed           |    22 |       |       |       ||    22
       Dagger            |    33 |       |       |       ||    33
       Short sword       |     2 |    86 |   297 |    24 ||   409
 Cast: Flame Tongue      |    42 |    45 |   342 |    67 ||   496
       Call Imp          |     2 |     7 |    58 |     5 ||    72
       Blink             |       |       |     8 |     4 ||    12
       Mephitic Cloud    |       |       |    29 |    29 ||    58
Evoke: Wand              |       |       |       |     2 ||     2
  Use: Potion            |       |       |     1 |       ||     1
 Stab: Sleeping          |     5 |     1 |    22 |       ||    28
       Distracted        |       |     3 |     5 |       ||     8
       Confused          |       |       |    20 |     2 ||    22
Armor: Robe              |     8 |    13 |    82 |    16 ||   119
       Skin              |       |       |    14 |       ||    14
Dodge: Dodged            |    48 |    86 |   457 |    81 ||   672
Block: Buckler           |     5 |    16 |    68 |    21 ||   110
